 Dungeon Crawl Stone Soup version 0.18.1-48-g4cf74bf (webtiles) character file.

49 RickumRackum the Poker (level 3, -7/28 HPs)
             Began as a Merfolk Gladiator on Aug 29, 2016.
             Was an Initiate of Okawaru.
             Killed from afar by Natasha (9 damage)
             ... with a magic dart
             ... on level 3 of the Dungeon.
             The game lasted 00:08:42 (1529 turns).

RickumRackum the Poker (Merfolk Gladiator)          Turns: 1529, Time: 00:08:43

Health: -7/28      AC:  4    Str: 15    XL:     3   Next: 75%
Magic:  3/3        EV: 14    Int:  7    God:    Okawaru [......]
Gold:   101        SH:  4    Dex: 15    Spells: 0 memorised, 2 levels left

rFire  . . .     SeeInvis .     a - +0 trident
rCold  . . .     Gourm    .     n - +0 robe
rNeg   . . .     Faith    .     h - +0 buckler
rPois  .         Spirit   .     c - +0 helmet
rElec  .         Dismiss  .     e - +0 cloak
rCorr  .         Reflect  .     (no gloves)
SustAt .         Harm     .     (no boots)
MR     .....                    (no amulet)
Stlth  +.........               (no ring)
                                (no ring)

@: slowed, very slow, not resistant to hostile enchantments, very unstealthy
A: change form in water, swift swim
a: Renounce Religion


You were on level 3 of the Dungeon.
You worshipped Okawaru.
Okawaru was noncommittal.
You were not hungry.

You visited 1 branch of the dungeon, and saw 3 of its levels.

You collected 101 gold pieces.

Inventory:

Hand Weapons
 a - a +0 trident (weapon)
 r - a +0 blowgun
Missiles
 d - 3 throwing nets (quivered)
 j - 11 poisoned needles
Armour
 c - a +0 helmet (worn)
 e - a +0 cloak (worn)
 h - a +0 buckler (worn)
 n - a +0 robe (worn)
Jewellery
 g - an uncursed ring of magical power {unknown}
 o - an uncursed ring of ice {unknown}
Scrolls
 b - a scroll of magic mapping {unknown}
 l - a scroll of identify {unknown}
Potions
 i - a potion of brilliance {unknown}
 k - a potion of beneficial mutation {unknown}
 m - 2 potions of curing {unknown}
 p - a potion of might {unknown}
Comestibles
 f - 2 bread rations
 q - 3 fruits
 s - 3 chunks of flesh


   Skills:
 + Level 2.9 Fighting
 * Level 5.1 Polearms
 - Level 2.0 Throwing
 + Level 4.6 Dodging
 + Level 1.2 Shields


You had 2 spell levels left.
You didn't know any spells.

Dungeon Overview and Level Annotations

Branches:
Dungeon (3/15)

Altars:
Dithmenos
Okawaru
Trog

Annotations:
D:3 Natasha


Message History

Natasha barely misses you. You block Natasha's attack.
You climb downwards.
There is a stone staircase leading up here.
Drink which item? (? for menu, Esc to quit)
Okay, then.
Read which item? (? for menu, Esc to quit)
Okay, then.
Throwing (i - inventory):
d - 4 throwing nets (quivered)
Press: ? - help, Shift-Dir - straight line, f - Natasha
Aim: Natasha (lightly wounded)
You throw a throwing net. The throwing net hits Natasha.
Natasha is caught in the net!
Natasha is lightly wounded.
Natasha struggles to escape the net.
Natasha struggles to escape the net.
Natasha mumbles some strange words.
You feel troubled. Natasha casts a spell at you. The magic dart hits you!
You die...

####.......#
##......#.#.# #
#.........########.
##.##...#..............
#.......#####)#...#####
#..##.............# #.
#.......####....#.# #.
##...............#.# #.
#......@.......###.####.
#......<...###.# #......
#......h...# #.# #......
#......................#
#....#.#......>.........
#<..... ...##..........#
.....#. .......#####.#.#
.....#.#..###.####.#.#.#
.... #.#..# #......#.#.#


You could see Natasha (caught).

Vanquished Creatures
  A gnoll (D:1)
  2 worms
  A giant gecko (D:1)
  An orc (D:3)
  5 bats
  4 goblins
  A hobgoblin (D:1)
  3 jackals (D:3)
  5 kobolds
  A quokka (D:3)
  A ball python (D:1)
  4 giant newts (D:1)
  4 rats
33 creatures vanquished.

Notes
Turn   | Place    | Note
--------------------------------------------------------------
     0 | D:1      | RickumRackum the Merfolk Gladiator began the quest for the Orb.
     0 | D:1      | Reached XP level 1. HP: 16/16 MP: 1/1
     6 | D:1      | Noticed a hog
     6 | D:1      | Noticed a polar bear
     6 | D:1      | Noticed a komodo dragon
     6 | D:1      | Noticed a swamp drake
    37 | D:1      | Reached XP level 2. HP: 11/23 MP: 2/2
   500 | D:1      | Reached skill level 5 in Polearms
   583 | D:1      | Reached XP level 3. HP: 26/28 MP: 3/3
   898 | D:2      | Reached skill level 1 in Shields
   907 | D:2      | Found an iron altar of Okawaru.
   907 | D:2      | Found a bloodstained altar of Trog.
   915 | D:2      | Became a worshipper of Warmaster Okawaru
   941 | D:2      | You fall through a shaft!
  1099 | D:3      | Found a shadowy altar of Dithmenos.
  1517 | D:2      | Noticed Natasha
  1525 | D:2      | HP: 1/28 [Natasha (9)]
  1529 | D:3      | Killed from afar by Natasha

Skill      XL: |  1  2  3 |
---------------+----------+-----
Polearms       | 5 |  5.1
Shields        | 1 |  1.2
Fighting       | |  2.9
Throwing       | |  2.0
Dodging        | |  4.6

Action                   || total
-------------------------++-------
Melee: Trident           ||   115
Throw: Throwing net      ||     1
 Stab: Sleeping          ||     1
  Eat: Chunk             ||     2
Armor: Leather armour    ||    16
       Robe              ||     7
Dodge: Dodged            ||    56
Block: Buckler           ||    15
